 Dungeon Crawl Stone Soup version 0.30-a0-778-g2ef04afb54 (webtiles) character file.

Game seed: 5300308765490683164

86 PLAYERX the Blocker (level 4, -5/34 HPs)
             Began as a Gnoll Wanderer on Feb 16, 2023.
             Slain by a gnoll
             ... wielding a +0 halberd
              (13 damage)
             ... on level 3 of the Dungeon.
             The game lasted 00:10:27 (2158 turns).

PLAYERX the Blocker (Gnoll Wanderer)                Turns: 2158, Time: 00:10:28

Health: -5/34      AC:  7    Str: 11    XL:     4   Next: 50%
Magic:  7/8        EV:  8    Int:  9    God:
Gold:   100        SH:  6    Dex: 16    Spells: 8/9 levels left

rFire   . . .      SeeInvis .    a - +0 spear
rCold   . . .      Faith    .    b - +0 buckler
rNeg    . . .      Spirit   .    e - +0 scale mail
rPois   .          Reflect  .    (no helmet)
rElec   .          Harm     .    f - +0 cloak
rCorr   .          Rampage  .    (no gloves)
Will    .....                    (no boots) Stlth
                                 (no amulet)
HPRegen 0.25/turn                (no ring)
MPRegen 0.11/turn                (no ring)

@: mighty, very slightly contaminated
A: fangs 1, strong nose, distributed training
a: no special abilities


You were on level 3 of the Dungeon.
You visited 1 branch of the dungeon, and saw 3 of its levels.

You collected 100 gold pieces.

Inventory:

Hand Weapons
 a - a +0 spear (weapon)
Armour
 b - a +0 buckler (worn)
 e - a +0 scale mail (worn)
 f - a +0 cloak (worn)
Scrolls
 g - 6 scrolls of identify {unknown}
 k - a scroll of fog {unknown}
 m - a scroll of enchant armour {unknown}
 n - a scroll of blinking {unknown}
Potions
 c - a potion of berserk rage
 d - a potion of cancellation {unknown}
 h - a potion of attraction {unknown}
 i - a potion of lignification {unknown}
 j - 2 potions of curing {unknown}
 l - 2 potions of might


   Skills:
 + Level 2.8 Fighting
 + Level 1.2 Short Blades
 + Level 1.2 Long Blades
 + Level 1.2 Axes
 + Level 1.2 Maces & Flails
 + Level 2.8 Polearms
 + Level 1.2 Staves
 + Level 1.2 Ranged Weapons
 + Level 1.2 Throwing
 + Level 1.2 Armour
 + Level 1.2 Dodging
 + Level 1.2 Stealth
 + Level 8.6 Shields
 + Level 1.2 Unarmed Combat
 + Level 3.0 Spellcasting
 + Level 1.0 Conjurations
 + Level 1.0 Hexes
 + Level 1.0 Summonings
 + Level 1.0 Necromancy
 + Level 1.0 Translocations
 + Level 1.0 Transmutations
 + Level 3.9 Fire Magic
 + Level 1.0 Ice Magic
 + Level 1.0 Air Magic
 + Level 1.0 Earth Magic
 + Level 1.0 Poison Magic
 + Level 1.3 Invocations
 + Level 2.8 Evocations


You had 8 spell levels left.
You knew the following spells:

 Your Spells              Type           Power      Damage    Failure   Level
a - Foxfire               Conj/Fire      20%        2x1d5     63%         1

Your spell library contained the following spells:

 Spells                   Type           Power      Damage    Failure   Level
 Scorch                   Fire           16%        2d5       56%         2
 Cigotuvi's Dreadful Rot  Necr/Pois/Air  6%         N/A       92%         2
 Poisonous Vapours        Pois/Air       6%         N/A       92%         2
 Kindle Blastsparks       Fire/Tloc/Air  8%         2d10      97%         3
 Mephitic Cloud           Conj/Pois/Air  3%         N/A       99%         3


Dungeon Overview and Level Annotations

Branches:
Dungeon (3/15)

Altars:
Cheibriados
Dithmenos
Nemelex Xobeh


Innate Abilities, Weirdness & Mutations

You have very sharp teeth.
Your uncanny sense of smell can sniff out nearby items.
Your experience applies equally to all skills.


Message History

The gnoll is moderately wounded.
The foxfire hits the dart slug.
The dart slug is almost dead.
The gnoll barely misses you.
You hit the dart slug.
You kill the dart slug!
The gnoll barely misses you.
The gnoll hits you from afar with a +0 spear.
You reach to attack!
You hit the gnoll but do no damage.
The gnoll is moderately wounded.
The gnoll hits you but does no damage. The gnoll barely misses you.
The gnoll hits you from afar with a +0 spear.
The gnoll barely misses you. The gnoll hits you but does no damage.
You reach to attack!
You hit the gnoll but do no damage.
The gnoll is lightly wounded.
You reach to attack!
You hit the gnoll but do no damage.
The gnoll is lightly wounded.
The gnoll misses you.
The gnoll hits you from afar with a +0 spear.
You block the gnoll's attack.
You reach to attack!
You closely miss the gnoll.
The gnoll is lightly wounded.
The gnoll barely misses you.
The gnoll hits you from afar with a +0 spear!
The gnoll closely misses you. The gnoll barely misses you.
You are too injured to fight recklessly!
Casting: Foxfire (safe; 63% risk of failure)
Confirm with . or Enter, or press ? or * to list all spells.
You miscast Foxfire.
You are very lightly contaminated with residual magic.
Nothing appears to happen.
You block the gnoll's attack.
The gnoll hits you from afar with a +0 spear.
The gnoll hits you from afar with a +0 halberd.
* * * LOW HITPOINT WARNING * * *
The gnoll barely misses you.
It was a potion of might.
You feel very mighty all of a sudden. The gnoll barely misses you.
The gnoll completely misses you.
The gnoll hits you from afar with a +0 halberd!
You die...

...##.........
#.........._..
#.............
#..........._.
#.............
#......gg.....
#......†g.....
#.....@.g...#
.############.##....#
.........<###.###...#
##.<..............
#.............#...
###...........#.# #.
..............[# #
...............#∆
.............####


You could see 4 gnolls.

Vanquished Creatures
  A hound (D:2)
  An adder (D:2)
  A worm (D:2)
  3 dart slugs
  4 endoplasms
  3 giant cockroaches
  2 goblins (D:1)
  5 hobgoblins
  3 jackals (D:2)
  3 quokkas
  3 ball pythons
  2 bats
  2 kobolds
  6 rats
39 creatures vanquished.

Vanquished Creatures (others)
  6 foxfires
6 creatures vanquished.

Grand Total: 45 creatures vanquished

Notes
Turn   | Place    | Note
-------+----------+-------------------------------------------
     0 | D:1      | PLAYERX the Gnoll Wanderer began the quest for the Orb.
     0 | D:1      | PLAYERX set off with the following items: a +0 spear, a +0
                  | buckler, a potion of berserk rage, a +0 robe; and the
                  | following spell memorised: Foxfire; and the following
                  | spells available to memorise: Scorch, Kindle Blastsparks.
     0 | D:1      | Reached XP level 1. HP: 17/17 MP: 4/4
   397 | D:1      | Reached XP level 2. HP: 18/23 MP: 5/5
   907 | D:2      | Reached XP level 3. HP: 28/28 MP: 7/7
  1132 | D:2      | Reached skill level 1 in Invocations
  1319 | D:2      | Reached skill level 1 in Short Blades
  1319 | D:2      | Reached skill level 1 in Long Blades
  1319 | D:2      | Reached skill level 1 in Axes
  1319 | D:2      | Reached skill level 1 in Maces & Flails
  1319 | D:2      | Reached skill level 1 in Staves
  1319 | D:2      | Reached skill level 1 in Ranged Weapons
  1319 | D:2      | Reached skill level 1 in Throwing
  1319 | D:2      | Reached skill level 1 in Armour
  1319 | D:2      | Reached skill level 1 in Dodging
  1319 | D:2      | Reached skill level 1 in Stealth
  1319 | D:2      | Reached skill level 1 in Unarmed Combat
  1319 | D:2      | Reached XP level 4. HP: 24/34 MP: 8/8
  1465 | D:2      | Found a snail-covered altar of Cheibriados.
  1622 | D:2      | Reached skill level 1 in Conjurations
  1622 | D:2      | Reached skill level 1 in Hexes
  1622 | D:2      | Reached skill level 1 in Summonings
  1622 | D:2      | Reached skill level 1 in Necromancy
  1622 | D:2      | Reached skill level 1 in Translocations
  1622 | D:2      | Reached skill level 1 in Transmutations
  1622 | D:2      | Reached skill level 1 in Ice Magic
  1622 | D:2      | Reached skill level 1 in Air Magic
  1622 | D:2      | Reached skill level 1 in Earth Magic
  1622 | D:2      | Reached skill level 1 in Poison Magic
  2147 | D:3      | Found a sparkling altar of Nemelex Xobeh.
  2147 | D:3      | Found a shadowy altar of Dithmenos.
  2158 | D:3      | Slain by a gnoll

Illustrated notes

Levels and vault maps discovered:
D:1:      heliophobic_arrival_dark_side_of_the_moon, layout_loops_ring,
          minmay_nonomino_d4
D:2:      layout_basic, basic_altar
D:3:      layout_rooms, grunt_temple_overflow_open, due_unseen_surprise

Skill      XL: |  1  2  3  4 |
---------------+-------------+-----
Invocations    | 1 |  1.3
Short Blades   | 1 |  1.2
Long Blades    | 1 |  1.2
Axes           | 1 |  1.2
Maces & Flails | 1 |  1.2
Staves         | 1 |  1.2
Ranged Weapons | 1 |  1.2
Throwing       | 1 |  1.2
Armour         | 1 |  1.2
Dodging        | 1 |  1.2
Stealth        | 1 |  1.2
Unarmed Combat | 1 |  1.2
Spellcasting   | 3 |  3.0
Conjurations   | 1 |  1.0
Hexes          | 1 |  1.0
Summonings     | 1 |  1.0
Necromancy     | 1 |  1.0
Translocations | 1 |  1.0
Transmutations | 1 |  1.0
Ice Magic      | 1 |  1.0
Air Magic      | 1 |  1.0
Earth Magic    | 1 |  1.0
Poison Magic   | 1 |  1.0
Fighting       | |  2.8
Polearms       | |  2.8
Shields        | |  8.6
Fire Magic     | |  3.9
Evocations     | |  2.8

Action                     |  1- 3 |  4- 6 || total
---------------------------+-------+-------++-------
  Melee: Spear             |   152 |    44 ||   196
         Bite              |    14 |     4 ||    18
   Cast: Foxfire           |     1 |     3 ||     4
    Use: Potion            |       |     1 ||     1
 Armour: Scale mail        |    39 |    17 ||    56
  Dodge: Dodged            |    29 |    26 ||    55
  Block: Buckler           |    30 |    10 ||    40

Table legend: (Time is in decaauts)
 A = Elapsed time spent in this place.
 B = Non-inter-level travel time spent in this place.
 C = Inter-level travel time spent in this place.
 D = Time resting spent in this place.
 E = Time spent auto-exploring this place.
 F = Levels seen in this place.
 G = Mean time per level.
                   A        B        C        D        E       F      G
               +--------+--------+--------+--------+--------+-----+--------+
         Total |   2157 |   2157 |      0 |     46 |   1591 |   3 |  719.0 |
       Dungeon |   2157 |   2157 |      0 |     46 |   1591 |   3 |  719.0 |
               +--------+--------+--------+--------+--------+-----+--------+

Top non-repeatable levels by time:
     D:2: 1237 daAuts
     D:1: 892 daAuts
     D:3: 27 daAuts
